 Dungeon Crawl Stone Soup version 0.21.0-3-g78d12a8 (webtiles) character file.

1229 imganon the Cleaver (level 8, 0/87 HPs)
             Began as a Demonspawn Berserker on Jan 8, 2018.
             Was an Elder of Trog.
             Slain by an orc warrior
             ... wielding a +2 scimitar of holy wrath
              (9 damage)
             ... on level 6 of the Dungeon.
             The game lasted 00:07:11 (4169 turns).

imganon the Cleaver (Demonspawn Berserker)          Turns: 4169, Time: 00:07:11

Health: 0/87       AC:  8    Str: 25    XL:     8   Next: 24%
Magic:  8/8        EV: 10    Int:  9    God:    Trog [****..]
Gold:   227        SH:  0    Dex: 12    Spells: 7/7 levels left

rFire    . . .     SeeInvis .   y - +0 broad axe
rCold    + . .     Gourm    .   (no shield)
rNeg     . . .     Faith    .   A - +2 scale mail {rC+}
rPois    +         Spirit   .   (no helmet)
rElec    .         Reflect  .   (no cloak)
rCorr    .         Harm     .   (no gloves)
MR       +....                  (no boots)
Stlth    ..........             (no amulet)
HPRegen  0.24/turn              g - ring of poison resistance
MPRegen  0.11/turn              w - ring of protection from magic

@: berserking, very quick
A: hooves 1, powered by death 2, spiny 2
a: Berserk, Trog's Hand, Brothers in Arms, Burn Spellbooks, Renounce Religion


You were on level 6 of the Dungeon.
You worshipped Trog.
Trog was greatly pleased with you.
You were not hungry.

You visited 1 branch of the dungeon, and saw 6 of its levels.

You collected 227 gold pieces.

Inventory:

Hand Weapons
 a - a +0 hand axe
 y - a +0 broad axe (weapon)
Armour
 A - a +2 scale mail of cold resistance (worn)
Jewellery
 g - a ring of poison resistance (left hand)
 s - an uncursed ring of flight
 w - a ring of protection from magic (right hand)
Wands
 t - a wand of digging (8)
 v - a wand of clouds (3)
 z - a wand of paralysis (17)
Scrolls
 b - 6 scrolls of identify {unknown}
 d - 5 scrolls of remove curse {unknown}
 f - 3 scrolls of teleportation {unknown}
 i - a scroll of enchant armour {unknown}
 j - a scroll of enchant weapon {unknown}
 m - 2 scrolls of random uselessness {unknown}
 r - a scroll of immolation {unknown}
 u - a scroll of magic mapping {unknown}
 x - 2 scrolls of blinking {unknown}
Potions
 e - a potion of cancellation {unknown}
 h - a potion of heal wounds {unknown}
 k - 2 potions of mutation {unknown}
 l - 3 potions of agility
 n - 2 potions of brilliance {unknown}
 o - a potion of ambrosia {unknown}
 p - a potion of resistance {unknown}
 q - a potion of degeneration {unknown}
Comestibles
 c - 8 rations


   Skills:
 - Level 3.0 Fighting
 + Level 9.5 Axes
 - Level 1.7 Armour
 - Level 1.7 Dodging


You had 7 spell levels left.
You didn't know any spells.

Dungeon Overview and Level Annotations

Branches:
Dungeon (6/15)             Temple (0/1) D:4

Altars:
Ashenzari
Cheibriados
Gozag
Hepliaklqana
Qazlal
Uskayaw
Yredelemnul
Zin
The Shining One

Shops:
D:5 =


Innate Abilities, Weirdness & Mutations

You have large cloven feet.
You regenerate health from kills.
You are mostly covered in sharp spines.


Message History

Unknown command.
Unknown command.
The orc wizard casts a spell.
The orc wizard seems to speed up.
You see here 14 gold pieces.
The orc priest invokes the aid of Beogh against you.
Beogh smites you!
* * * LOW HITPOINT WARNING * * *
You eat one of the 9 rations.
That ration really hit the spot!
The orc warrior is struck by your spines.
The orc warrior barely misses you.
Unknown command.
Unknown command.
Unknown command.
A red film seems to cover your vision as you go berserk!
You feel yourself moving faster!
You feel mighty!
You feel a lot more hungry.
The orc warrior hits you with a scimitar of holy wrath!
* * * LOW HITPOINT WARNING * * *
You convulse!
You die...

#. ....
#.###..#
#......# #
#..# #
#.##..###.#
#.........#
####.oo...#
##o#####
#@##.##
#.#...###
#........
#.#...###
#.##.##
####.####
#.......#
...
#.##.##.#
#'# #.##.##
# #.#


You could see an orc warrior, an orc priest and an orc wizard.

Vanquished Creatures
  The ghost of Uhlv the Cutter, a novice VSAM of the Shining One (D:5)
  Edmund (D:5)
  An ogre (D:5)
  2 bullfrogs
  A scorpion (D:5)
  2 howler monkeys
  A bullfrog zombie (D:6)
  2 hounds
  The ghost of Vajrapani the Vexing, a weakling VSAM (D:3)
  4 orc wizards
  An orc priest (D:3)
  A bullfrog skeleton (D:5)
  Ijyb (D:4)
  2 worker ants
  2 hound zombies
  4 adders
  A shadow imp (D:6)
  2 worms (D:2)
  A dart slug (D:3)
  4 leopard geckos
  16 orcs
  12 bats
  5 giant cockroaches
  6 goblins
  5 hobgoblins
  7 jackals
  3 quokkas
  3 frilled lizards
  5 kobolds
  6 rats
103 creatures vanquished.

Notes
Turn   | Place    | Note
-------+----------+-------------------------------------------
     0 | D:1      | imganon the Demonspawn Berserker began the quest for the Orb.
     0 | D:1      | Reached XP level 1. HP: 18/18 MP: 1/1
   176 | D:1      | Reached skill level 3 in Axes
   296 | D:1      | Gained mutation: You have large cloven feet. [demonic ancestry]
   296 | D:1      | Reached XP level 2. HP: 24/24 MP: 2/2
   724 | D:2      | Reached ** piety under Trog
   754 | D:2      | Reached XP level 3. HP: 18/29 MP: 3/3
   779 | D:2      | Found a hazy altar of Hepliaklqana.
   789 | D:2      | Reached skill level 4 in Axes
   823 | D:2      | Noticed a bullfrog
   838 | D:2      | Killed a bullfrog
   838 | D:2      | Gained mutation: You are partially covered in sharp spines. [demonic ancestry]
   838 | D:2      | Reached XP level 4. HP: 10/35 MP: 4/4
  1106 | D:2      | Reached skill level 5 in Axes
  1807 | D:3      | Found a shattered altar of Ashenzari.
  1830 | D:3      | Reached XP level 5. HP: 41/41 MP: 5/5
  1884 | D:3      | Noticed Vajrapani's ghost (weakling VSAM)
  1893 | D:3      | Killed Vajrapani's ghost
  2095 | D:3      | Found a glowing golden altar of the Shining One.
  2166 | D:3      | Reached *** piety under Trog
  2176 | D:3      | Reached skill level 6 in Axes
  2195 | D:3      | Noticed a hand axe
  2195 | D:3      | Noticed a dagger
  2197 | D:3      | Found a hide-covered altar of Uskayaw.
  2363 | D:3      | Found a snail-covered altar of Cheibriados.
  2451 | D:4      | Gained mutation: You regenerate a little health from kills. [demonic ancestry]
  2451 | D:4      | Reached XP level 6. HP: 47/47 MP: 6/6
  2522 | D:4      | Found a stormy altar of Qazlal.
  2696 | D:4      | Noticed Ijyb
  2708 | D:4      | Killed Ijyb
  2760 | D:4      | Found a staircase to the Ecumenical Temple.
  2897 | D:4      | Reached skill level 7 in Axes
  2936 | D:4      | Found an opulent altar of Gozag.
  3093 | D:4      | Found a glowing silver altar of Zin.
  3203 | D:5      | Entered Level 5 of the Dungeon
  3406 | D:5      | Gained mutation: You are mostly covered in sharp spines. [demonic ancestry]
  3406 | D:5      | Reached XP level 7. HP: 52/52 MP: 7/7
  3440 | D:5      | Found a basalt altar of Yredelemnul.
  3498 | D:5      | Reached **** piety under Trog
  3510 | D:5      | Reached skill level 8 in Axes
  3526 | D:5      | Found Kimoklio's Jewellery Shoppe.
  3617 | D:5      | Noticed Edmund
  3630 | D:5      | Killed Edmund
  3676 | D:5      | Noticed Uhlv's ghost (novice VSAM)
  3683 | D:5      | Killed Uhlv's ghost
  3683 | D:5      | Reached skill level 9 in Axes
  3683 | D:5      | Gained mutation: You regenerate health from kills. [demonic ancestry]
  3683 | D:5      | Reached XP level 8. HP: 58/58 MP: 8/8
  4169 | D:6      | Slain by an orc warrior

Skill      XL: |  1  2  3  4  5  6  7 |
---------------+----------------------+-----
Axes           | 3 4 5 6 7 9 |  9.5
Fighting       | |  3.0
Armour         | |  1.7
Dodging        | |  1.7

Action                   |  1- 3 |  4- 6 |  7- 9 || total
-------------------------+-------+-------+-------++-------
Melee: Hand axe          |    67 |   144 |       ||   211
       Kick              |    10 |    42 |    11 ||    63
       Broad axe         |       |     2 |    46 ||    48
Invok: Berserk           |     2 |     1 |     3 ||     6
  Eat: Chunk             |     1 |    10 |     2 ||    13
       Ration            |       |       |     1 ||     1
Armor: Animal skin       |    11 |       |       ||    11
       Ring mail         |    31 |    37 |     6 ||    74
       Scale mail        |       |       |    12 ||    12
Dodge: Dodged            |    53 |    54 |    15 ||   122
